 Dungeon Crawl Stone Soup version 0.23.0 (webtiles) character file.

Game seed: 2952896581876406709

864 basilefff the Chucker (level 7, -2/66 HPs)
             Began as a Troll Hunter on Feb 11, 2019.
             Slain by a two-headed ogre
             ... wielding a +0 giant spiked club
              (12 damage)
             ... on level 3 of the Dungeon.
             The game lasted 02:50:46 (7152 turns).

basilefff the Chucker (Troll Hunter)                Turns: 7152, Time: 02:50:47

Health: -2/66      AC:  7    Str: 22    XL:     7   Next: 72%
Magic:  6/6        EV: 10    Int:  7    God:
Gold:   302        SH:  0    Dex: 11    Spells: 6/6 levels left

rFire    . . .     SeeInvis .   Q - +0 falchion (drain)
rCold    . . .     Gourm    +   (no shield)
rNeg     . . .     Faith    .   g - +1 robe
rPois    +         Spirit   .   (helmet restricted)
rElec    .         Reflect  .   (no cloak)
rCorr    .         Harm     .   (gloves unavailable)
MR       +....                  (boots unavailable)
Stlth    ++........             (no amulet)
HPRegen  0.61/turn              O - ring of protection from magic
MPRegen  0.10/turn              m - ring of poison resistance

@: no status effects
A: large, unfitting armour, claws 3, fast metabolism 3, gourmand, regeneration
1, shaggy fur 1, tough skin 3
a: no special abilities


You were on level 3 of the Dungeon.
You were not hungry.

You visited 1 branch of the dungeon, and saw 5 of its levels.

You collected 302 gold pieces.

Inventory:

Hand Weapons
 e - a cursed -3 club
 j - a +0 hunting sling
 k - a +0 blowgun
 r - a +1 dagger of holy wrath
 s - a +0 scythe
 A - a +0 dagger of freezing
 L - a +0 flail
 Q - a +0 falchion of draining (weapon)
 R - a +0 dagger
 T - a +0 spear
 U - a +2 quarterstaff of chaos
 V - a +4 flail
 X - a +0 giant spiked club
 Y - a +0 dagger
Missiles
 i - 61 arrows
 q - 7 large rocks (quivered)
 u - 91 stones
 v - 54 bolts
 B - 37 poisoned needles
 E - 47 sling bullets
 S - a throwing net
Armour
 a - a +0 robe
 g - a +1 robe (worn)
 W - a +1 cloak of invisibility
Jewellery
 d - an uncursed ring of fire
 m - a ring of poison resistance (right claw)
 z - an uncursed ring of protection from fire
 O - a ring of protection from magic (left claw)
 Z - an uncursed ring of teleportation
Wands
 n - a wand of flame (12)
Scrolls
 b - a scroll of identify
 c - a scroll of enchant weapon {unknown}
 f - a scroll of enchant armour
 l - a scroll of magic mapping
 w - a scroll of teleportation {unknown}
 y - a scroll of fog {unknown}
 D - 2 scrolls of remove curse
 F - 3 scrolls of amnesia
 I - a scroll of blinking {unknown}
 K - a scroll of immolation {unknown}
Potions
 h - a potion of heal wounds
 o - 2 potions of curing {unknown}
 t - a potion of haste {unknown}
 x - a potion of might {unknown}
 C - a potion of invisibility {unknown}
 G - 3 potions of brilliance
 H - a potion of magic {unknown}
 J - a potion of mutation {unknown}
 N - a potion of degeneration {unknown}
 P - a potion of ambrosia {unknown}
Comestibles
 p - 11 rations


   Skills:
 + Level 2.6 Fighting
 + Level 1.9(2.5) Short Blades
 + Level 2.4(2.7) Long Blades
 + Level 0.6 Maces & Flails
 + Level 0.2 Polearms
 * Level 6.6 Throwing
 + Level 2.8 Dodging
 - Level 1.2 Stealth


You had 6 spell levels left.
You didn't know any spells.
Your spell library contained the following spells:

 Spells                   Type           Power        Failure   Level  Hunger
 Corona                   Hex            #......      43%         1    ##.....
 Ensorcelled Hibernation  Hex/Ice        #.....       56%         2    ###....
 Confuse                  Hex            #.......     80%         3    ####...
 Dazzling Spray           Conj/Hex       #.....       80%         3    ####...
 Tukima's Dance           Hex            #.......     80%         3    ####...


Dungeon Overview and Level Annotations

Branches:
Dungeon (5/15)
 Temple: D:4-7

Altars:
Xom

Shops:
D:4 *


Innate Abilities, Weirdness & Mutations

You are too large for most types of armour.
You have claws for hands.
Your metabolism is lightning-fast.
You like to eat raw meat.
Your natural rate of healing is unusually fast.
You are covered in fur. (AC +1)
You have extremely tough skin. (AC +3)


Message History

There is a stone staircase leading down here.
The two-headed ogre hits you with a +0 giant spiked club!!
* * * LOW HITPOINT WARNING * * *
The two-headed ogre barely misses you.
The two-headed ogre enters a dispersal trap!
You blink.
The two-headed ogre blinks!
The two-headed ogre enters a dispersal trap!
You blink.
The two-headed ogre enters a dispersal trap!
You blink.
There is a stone staircase leading down here.
As you read the scroll labeled VIUJANECZA, it crumbles to dust.
It is a scroll of enchant armour.
Your +0 robe glows green for a moment.
The two-headed ogre hits you with a +0 giant spiked club!!
* * * LOW HITPOINT WARNING * * *
The two-headed ogre hits you with a +0 giant club!
* * * LOW HITPOINT WARNING * * *
The two-headed ogre hits you with a +0 giant spiked club!
You die...

#......# #.# #
#......####.########
#...................
##.....####.########
##.#.## #.# # #.#.#
#.# # #.#.### #.# #
#.#...###.########
#@O..^............
#.#...###.########
#.#.#####.......##
#.#...............
#.########..###.##
#.# #.....#.....
#.#####.....#.#.##
#...........#.#...
#######.....#.#...


You could see a two-headed ogre.

Vanquished Creatures
  Sigmund (D:2)
  An ogre (D:5)
  A scorpion (D:4)
  2 crimson imps (D:5)
  Crazy Yiuf (D:2)
  A hound (D:4)
  2 jellies (D:4)
  A bullfrog skeleton (D:5)
  Terence (D:2)
  3 worker ants
  A hound skeleton (D:4)
  4 gnolls (D:2)
  5 adders
  11 oozes
  An adder skeleton (D:4)
  3 worms
  4 dart slugs
  2 leopard geckos
  3 orcs
  3 ball pythons
  9 bats
  5 giant cockroaches
  12 goblins
  14 hobgoblins
  4 jackals
  8 frilled lizards
  13 kobolds
  A leopard gecko skeleton (D:5)
  4 rats
  2 fungi (D:1)
123 creatures vanquished.

Vanquished Creatures (others)
  3 fungi (D:4)
  8 toadstools (D:4)
11 creatures vanquished.

Grand Total: 134 creatures vanquished

Notes
Turn   | Place    | Note
-------+----------+-------------------------------------------
     0 | D:1      | basilefff the Troll Hunter began the quest for the Orb.
     0 | D:1      | Reached XP level 1. HP: 19/19 MP: 0/0
   518 | D:1      | Reached XP level 2. HP: 27/27 MP: 1/1
   526 | D:1      | Reached skill level 4 in Throwing
   892 | D:1      | Reached XP level 3. HP: 35/35 MP: 2/2
  1943 | D:2      | Noticed Sigmund
  1951 | D:2      | Killed Sigmund
  1951 | D:2      | Reached skill level 1 in Short Blades
  1951 | D:2      | Reached skill level 5 in Throwing
  1951 | D:2      | Reached skill level 1 in Stealth
  1951 | D:2      | Reached XP level 4. HP: 33/42 MP: 3/3
  1951 | D:2      | Reached XP level 5. HP: 38/49 MP: 4/4
  2687 | D:2      | Found a shimmering altar of Xom.
  2690 | D:2      | Found a shimmering altar of Xom.
  2690 | D:2      | Found a shimmering altar of Xom.
  2753 | D:2      | Noticed Terence
  2820 | D:2      | Killed Terence
  2820 | D:2      | Reached XP level 6. HP: 48/57 MP: 5/5
  3334 | D:2      | Found a shimmering altar of Xom.
  3348 | D:2      | Found a shimmering altar of Xom.
  3350 | D:2      | Found a shimmering altar of Xom.
  3352 | D:2      | Found a shimmering altar of Xom.
  3748 | D:2      | Found a runed translucent door.
  3749 | D:2      | Noticed Crazy Yiuf
  3786 | D:2      | Killed Crazy Yiuf
  5213 | D:4      | Found Tuokkoir's Assorted Antiques.
  5502 | D:4      | Reached skill level 1 in Long Blades
  5502 | D:4      | Reached skill level 6 in Throwing
  5625 | D:4      | Reached XP level 7. HP: 59/66 MP: 6/6
  6067 | D:5      | Entered Level 5 of the Dungeon
  6636 | D:5      | Noticed a two-headed ogre
  7152 | D:3      | Slain by a two-headed ogre

Skill      XL: |  1  2  3  4  5  6  7 |
---------------+----------------------+-----
Throwing       | 4 5 6 |  6.6
Fighting       | 2 |  2.6
Short Blades   | 1 |  1.9
Dodging        | 2 |  2.8
Stealth        | 1 |  1.2
Long Blades    | 1 2 |  2.4
Maces & Flails | |  0.6
Polearms       | |  0.2

Action                   |  1- 3 |  4- 6 |  7- 9 || total
-------------------------+-------+-------+-------++-------
Melee: Short sword       |    49 |    53 |       ||   102
       Falchion          |       |    64 |    82 ||   146
       Dagger            |       |    12 |       ||    12
       Scythe            |       |     9 |       ||     9
       Flail             |       |     8 |       ||     8
       Mace              |       |     2 |    28 ||    30
       Giant spiked club |       |       |    19 ||    19
 Fire: Hunting sling     |     5 |       |       ||     5
       Blowgun           |       |       |     1 ||     1
Throw: Large rock        |    45 |    27 |     2 ||    74
       Throwing net      |     3 |     1 |       ||     4
       Stone             |     7 |   123 |    42 ||   172
Evoke: Wand              |       |     1 |       ||     1
  Use: Scroll            |       |     4 |     1 ||     5
       Potion            |       |     2 |     1 ||     3
 Stab: Sleeping          |     1 |     1 |       ||     2
       Held in net/web   |     2 |       |       ||     2
  Eat: Chunk             |    15 |    34 |    10 ||    59
       Ration            |     1 |     1 |       ||     2
Armor: Robe              |    26 |    92 |    48 ||   166
Dodge: Dodged            |    36 |   114 |    76 ||   226
       Rpst.: Falchion   |       |    14 |    16 ||    30
